 Dungeon Crawl Stone Soup version 0.17-a0-1435-geafbe2f (webtiles) character file.

219 HEYYEYAAE the Gusty (level 6, 0/44 HPs)
             Began as a Human Air Elementalist on June 26, 2015.
             Asphyxiated
             ... on level 4 of the Dungeon.
             The game lasted 00:05:16 (2825 turns).

HEYYEYAAE the Gusty (Human Air Elementalist)        Turns: 2825, Time: 00:05:18

Health: 0/44       AC:  3    Str:  6 (9)  XL:     6   Next: 18%
Magic:  4/20       EV: 18    Int: 17      God:
Gold:   216        SH:  0    Dex: 18      Spells: 3 memorised, 6 levels left

rFire  . . .     SeeInvis .     k - +0 mace
rCold  . . .     Clarity  .     a - +0 robe
rNeg   . . .     SustAt   .     (no shield)
rPois  .         Gourm    .     t - +0 helmet
rElec  .         Spirit   .     (no cloak)
rCorr  .         Warding  .     (no gloves)
rMut   .         Stasis   .     (no boots)
MR     +....                    o - amulet of faith
Stlth  +++.......               n - ring of protection from magic
                                e - ring of magical power

@: agile, lethally poisoned (0 -> -15), very slightly contaminated, slowed, very
slow, somewhat resistant to hostile enchantments, fairly stealthy
A: no striking features
a: no special abilities


You were on level 4 of the Dungeon.
You were not hungry.

You visited 1 branch of the dungeon, and saw 4 of its levels.

You collected 216 gold pieces.

Inventory:

Hand weapons
 k - a +0 mace (weapon)
Armour
 a - a +0 robe (worn)
 t - a +0 helmet (worn)
Jewellery
 e - a ring of magical power (left hand)
 n - a ring of protection from magic (right hand)
 o - an amulet of faith (around neck)
Scrolls
 d - 2 scrolls of noise {unknown}
 f - a scroll of remove curse {unknown}
 g - 6 scrolls of identify {unknown}
 i - a scroll of fear {unknown}
 m - 2 scrolls of teleportation {unknown}
 q - a scroll of enchant armour {unknown}
 v - a scroll of recharging {unknown}
Potions
 s - 2 potions of might
Books
 b - a book of Air

   Spells                             Type                      Level
   a - Shock                          Conjuration/Air              1
   b - Swiftness                      Charms/Air                   2
   c - Repel Missiles                 Charms/Air                   2
   d - Static Discharge               Conjuration/Air              3
   e - Lightning Bolt                 Conjuration/Air              5
Comestibles
 c - 2 bread rations
 h - a royal jelly
 r - a meat ration
 u - 3 fruits


   Skills:
 + Level 1.7 Fighting
 + Level 2.0 Armour
 + Level 2.8 Dodging
 - Level 2.0 Stealth
 * Level 3.5 Spellcasting
 - Level 1.0 Conjurations
 * Level 3.9 Air Magic


You had 6 spell levels left.
You knew the following spells:

 Your Spells              Type           Power        Failure   Level  Hunger
a - Shock                 Conj/Air       ##..         10%         1    None
b - Static Discharge      Conj/Air       ##......     21%         3    ###....
c - Repel Missiles        Chrm/Air       #.....       14%         2    ##.....


Dungeon Overview and Level Annotations

Branches:
Dungeon (4/15)
 Temple: D:4-7

Altars:
Yredelemnul

Annotations:
D:4 DrClinical's ghost, average HOWn


Message History

Drink which item? (? for menu, Esc to quit)
Okay, then.
Read which item? (? for menu, Esc to quit)
Okay, then.
Drink which item? (? for menu, Esc to quit)
It was a potion of agility.
You feel agile all of a sudden.
You feel sick.
The kobold shoots a curare-tipped needle.
The curare-tipped needle barely misses you.
Unknown command.
Drink which item? (? for menu, Esc to quit)
It was a potion of degeneration.
There was something very wrong with that liquid.
You feel weakened.
The kobold shoots a curare-tipped needle.
The curare-tipped needle hits you.
You are lethally poisoned!
You have difficulty breathing.
You die...

.......... #.....####
#.#..## # .....## #.
......## #.. #########..
...W...# ....##..........
..........##.....<.......
...)...##......(.........
.......# #####..@........
†........ #%..........
.......### #.............
......## ####..........
.....## #.......K..
#.......### #.......#
#########


You could see a kobold.

Vanquished Creatures
  A hound (D:4)
  Ijyb (D:2)
  3 worker ants (D:4)
  3 adders
  A worm (D:2)
  An orc (D:3)
  3 giant cockroaches (D:2)
  7 hobgoblins
  A quokka (D:3)
  A ball python (D:3)
  6 bats
  4 giant newts
  7 goblins
  8 kobolds
  11 rats
58 creatures vanquished.

Notes
Turn   | Place    | Note
--------------------------------------------------------------
     0 | D:1      | HEYYEYAAE the Human Air Elementalist began the quest for the Orb.
     0 | D:1      | Reached XP level 1. HP: 13/13 MP: 3/3
   336 | D:1      | Reached XP level 2. HP: 20/20 MP: 5/5
   825 | D:2      | Reached skill level 1 in Armour
   829 | D:2      | Reached XP level 3. HP: 8/25 MP: 3/6
   914 | D:2      | Learned a level 3 spell: Static Discharge
   917 | D:2      | Learned a level 2 spell: Repel Missiles
  1263 | D:2      | Noticed Ijyb
  1281 | D:2      | Killed Ijyb
  1281 | D:2      | Reached XP level 4. HP: 13/31 MP: 0/8
  1447 | D:2      | Reached skill level 1 in Fighting
  1612 | D:2      | Found a basalt altar of Yredelemnul.
  2068 | D:3      | Reached XP level 5. HP: 34/37 MP: 9/9
  2415 | D:4      | Noticed DrClinical's ghost (average HOWn)
  2602 | D:4      | Reached XP level 6. HP: 10/43 MP: 6/11
  2825 | D:4      | Asphyxiated

Vault maps used:
D:1:      minmay_arrival_shattered_statue, glass_columns_c, hex_large,
          hangedman_decor_points
D:2:      kennysheep_big_flooded_room, yredelemnul_altar_generic, first_bread,
          uniq_iyjb
D:3:      hangedman_glass_teeth
D:4:      serial_corexii_hall, corexii_hall_statues_s, corexii_hall_statues_u,
          hangedman_ru_absence

Action                   |  1- 3 |  4- 6 || total
-------------------------+-------+-------++-------
Melee: Mace              |     5 |     5 ||    10
 Cast: Shock             |    77 |    90 ||   167
       Static Discharge  |       |     6 ||     6
  Use: Potion            |     1 |     5 ||     6
 Stab: Sleeping          |       |     1 ||     1
  Eat: Chunk             |     1 |     2 ||     3
       Bread ration      |       |     1 ||     1
